WCHLSIM.com - West Coast Hockey League
html PUBLIC "-//W3C//DTD XHTML 1.0 Transitional//EN" "http://www.w3.org/TR/xhtml1/DTD/xhtml1-transitional.dtd"> WCHL - Game 1065 - SEATTLE GRUNGE vs SAN FRANCISCO SPIDERS

SEATTLE GRUNGE vs SAN FRANCISCO SPIDERS

Created - 22 mars 2024 at 00:12

Goals
1 2 3 T
SEATTLE GRUNGE 2 0 1 3
SAN FRANCISCO SPIDERS 1 1 0 2
Shots
1 2 3 T
SEATTLE GRUNGE 7 9 11 27
SAN FRANCISCO SPIDERS 15 11 8 34

1st period

1. SEATTLE GRUNGE , Jimmy Vesey 8 (Travis Boyd 23, Jakub Vrana 5) at 15:05
2. SAN FRANCISCO SPIDERS , Viktor Arvidsson 24 (Jack Roslovic 25) at 16:55
3. SEATTLE GRUNGE , Sean Monahan 16 (William Nylander 39) at 18:43 (PP)

Penalties :
Kaiden Guhle (SEA) for Slashing (Minor) at 5:28, Michael Anderson (SAF) for Tripping (Minor) at 17:02, Ondrej Palat (SAF) for Tripping (Minor) at 19:37

2nd period

4. SAN FRANCISCO SPIDERS , Nick Bjugstad 13 (Sebastian Aho 42, Darnell Nurse 38) at 6:59

Penalties :
Brenden Dillon (SAF) for Interference (Minor) at 9:37

3rd period

5. SEATTLE GRUNGE , Travis Sanheim 10 (William Nylander 40, Sean Monahan 24) at 16:28

Penalties :
Curtis Lazar (SEA) for Tripping (Minor) at 10:28, Jared McCann (SAF) for Hooking (Minor) at 19:28

Goalie Stats

Karel Vejmelka (SEA), 32 saves from 34 shots - (0,941), W, 24-31-6, 60:00 minutes
Igor Shesterkin (SAF), 24 saves from 27 shots - (0,889), L, 40-16-3, 59:31 minutes

Players Stats for SEATTLE GRUNGE

Player Name              G  A  P  +/- PIM S  H  SB GA TA FO     MP     PP MP  PK MP  
------------------------------------------------------------------------------------
Alexey Toropchenko       0  0  0   0  0   1  1  0  0  0  0/0     7:00   0:00   1:47 
Brett Kulak              0  0  0  -1  0   0  1  1  0  0  0/0    23:27   3:32   2:07 
Chris Tierney            0  0  0   0  0   0  0  0  0  0  0/0     5:13   0:00   0:00 
Curtis Lazar             0  0  0   0  2   0  1  0  0  0  4/8     6:21   0:00   1:09 
Jakub Vrana              0  1  1   1  0   2  1  0  0  0  0/2    13:30   0:00   1:21 
Jimmy Vesey              1  0  1   1  0   2  2  0  0  0  1/2    13:56   0:00   1:47 
Kaiden Guhle             0  0  0   1  2   0  1  0  0  0  0/0    21:19   3:32   1:08 
Matthew Poitras          0  0  0   0  0   4  1  0  0  0  13/26  17:23   1:56   1:02 
Morgan Geekie            0  0  0   0  0   2  3  0  0  0  0/2    16:21   1:56   0:00 
Nick Seeler              0  0  0   0  0   1  0  1  0  0  0/0    16:13   0:00   0:49 
Radim Simek              0  0  0   1  0   0  4  0  0  0  0/0    15:59   0:00   0:00 
Sean Monahan             1  1  2  -1  0   4  2  0  0  0  11/27  22:19   4:14   0:00 
Travis Boyd              0  1  1   1  0   2  1  0  0  0  8/12   12:09   0:00   0:00 
Travis Sanheim           1  0  1  -1  0   4  1  3  0  0  0/0    23:58   2:38   2:08 
Tyler Seguin             0  0  0  -1  0   1  3  1  0  0  1/1    22:19   4:14   0:00 
Warren Foegele           0  0  0   0  0   0  1  0  0  0  0/1    16:21   1:56   0:00 
William Borgen           0  0  0   0  0   0  0  0  0  0  0/0    19:03   2:38   1:44 
William Nylander         0  2  2  -1  0   4  1  0  0  0  2/6    23:09   4:14   0:50 

Players Stats for SAN FRANCISCO SPIDERS

Player Name              G  A  P  +/- PIM S  H  SB GA TA FO     MP     PP MP  PK MP  
------------------------------------------------------------------------------------
Andrei Svechnikov        0  0  0  -1  0   5  0  0  0  0  0/0    16:54   2:22   0:00 
Bo Horvat                0  0  0  -1  0   4  0  0  0  0  20/31  20:14   1:36   4:06 
Brady Tkachuk            0  0  0   1  0   0  1  0  0  0  1/2    16:37   1:36   0:26 
Brenden Dillon           0  0  0   0  2   2  3  1  0  0  0/0    20:41   1:36   1:37 
Brock Faber              0  0  0   1  0   3  1  2  0  0  0/0    25:18   2:22   3:14 
Dakota Joshua            0  0  0   0  0   0  1  0  0  0  2/8     7:16   0:00   0:00 
Darnell Nurse            0  1  1   0  0   4  2  1  0  0  0/0    24:05   1:36   3:17 
Eeli Tolvanen            0  0  0   0  0   0  0  0  0  0  0/0     7:16   0:00   0:00 
Erik Gudbranson          0  0  0  -1  0   0  1  2  0  0  0/0    14:24   0:00   1:43 
Jack Roslovic            0  1  1   0  0   2  0  0  0  0  11/21  18:33   0:00   5:07 
Jacob Middleton          0  0  0  -1  0   0  0  2  0  0  0/0    12:44   0:00   0:03 
Jared McCann             0  0  0   0  2   2  2  0  0  0  0/1    15:50   2:22   0:00 
Michael Anderson         0  0  0   1  2   0  3  0  0  0  0/0    22:46   2:22   2:26 
Nick Bjugstad            1  0  1   1  0   5  0  1  0  0  0/0    14:35   0:00   0:00 
Ondrej Palat             0  0  0  -1  2   1  1  0  0  0  0/3    14:31   0:00   0:00 
Sam Lafferty             0  0  0   0  0   1  0  0  0  0  1/1     7:16   0:00   0:00 
Sebastian Aho            0  1  1   1  0   3  0  0  0  0  11/19  19:41   2:22   2:41 
Viktor Arvidsson         1  0  1   0  0   2  0  0  0  0  1/1    15:05   1:36   0:00 

3 Stars

1 - Jimmy Vesey (SEA)
2 - Sean Monahan (SEA)
3 - Karel Vejmelka (SEA)

Power Play

SEATTLE GRUNGE - 1 on 4 Attempt(s) - 25,00%
SAN FRANCISCO SPIDERS - 0 on 2 Attempt(s) - 0,00%

Penalty Kill

SEATTLE GRUNGE - 2 on 2 Attempt(s) - 100,00% - Score 0 goal in Penalty Kill
SAN FRANCISCO SPIDERS - 3 on 4 Attempt(s) - 75,00% - Score 0 goal in Penalty Kill

Team Stat

SEATTLE GRUNGE - Hits : 24 - Faceoff Wins : 40 - Blocked Shots : 6 - Penalty Minutes : 4
SAN FRANCISCO SPIDERS - Hits : 15 - Faceoff Wins : 47 - Blocked Shots : 9 - Penalty Minutes : 8

Official

Referees : Tom Chmielewski and Troy Paterson
Linesman : Devin Berg and Luke Murray

Game Notes

No Game Note

Finance

Level 1 -- Attendance: 6105 (100,00%) -- Ticket Income 915 750 $
Level 2 -- Attendance: 4739 (91,49%) -- Ticket Income 473 900 $
Level 3 -- Attendance: 2035 (100,00%) -- Ticket Income 162 800 $
Level 4 -- Attendance: 4180 (100,00%) -- Ticket Income 250 800 $
Luxury Box -- Attendance: 988 (98,80%) -- Ticket Income 296 400 $
Game was played at the Bay Area Sports Center.
Total Attendance: 18047 (97,55%)
Total Ticket Income: 2 099 650 $
Other Expense: 20 996 $
Total Income: 2 078 654 $

SEATTLE GRUNGE

5 vs 5 Forward 
   Center                   Left Wing                Right Wing               Time % Phy DF OF 
 1 Sean Monahan             Tyler Seguin             William Nylander         36     1   2  2  
 2 Matthew Poitras          Warren Foegele           Morgan Geekie            31     1   2  2  
 3 Travis Boyd              Jakub Vrana              Jimmy Vesey              23     1   2  2  
 4 Curtis Lazar             Chris Tierney            Alexey Toropchenko       10     1   2  2  

5 vs 5 Defense 
   Defense                  Defense                                           Time % Phy DF OF 
 1 Travis Sanheim           Brett Kulak                                       37     1   2  2  
 2 Kaiden Guhle             Radim Simek                                       34     1   2  2  
 3 William Borgen           Nick Seeler                                       29     1   2  2  
 4 Kaiden Guhle             Travis Sanheim                                    0      1   2  2  

PowerPlay Forward 
   Center                   Left Wing                Right Wing               Time % Phy DF OF 
 1 Sean Monahan             Tyler Seguin             William Nylander         55     1   2  2  
 2 Matthew Poitras          Warren Foegele           Morgan Geekie            45     1   2  2  

PowerPlay Defense
   Defense                  Defense                                           Time % Phy DF OF 
 1 Travis Sanheim           William Borgen                                    55     1   2  2  
 2 Kaiden Guhle             Brett Kulak                                       45     1   2  2  

Penalty Kill 4 Players Forward 
   Center                   Wing                     Time % Phy DF OF 
 1 Curtis Lazar             Jimmy Vesey              55     1   2  2  
 2 William Nylander         Alexey Toropchenko       45     1   2  2  

Penalty Kill 4 Players Defense
   Defense                  Defense                  Time % Phy DF OF 
 1 William Borgen           Brett Kulak              55     1   2  2  
 2 Kaiden Guhle             Travis Sanheim           45     1   2  2  

Penalty Kill - 3 Players Forward 
   Forward                                           Time % Phy DF OF 
 1 Curtis Lazar                                      55     1   2  2  
 2 William Nylander                                  45     1   2  2  

Penalty Kill - 3 Players Defense
   Defense                  Defense                  Time % Phy DF OF 
 1 William Borgen           Brett Kulak              55     1   2  2  
 2 Kaiden Guhle             Travis Sanheim           45     1   2  2  

4 vs 4 Forward 
   Center                   Wing                     Time % Phy DF OF 
 1 Tyler Seguin             Sean Monahan             55     1   2  2  
 2 Travis Boyd              William Nylander         45     1   2  2  

4 vs 4 Defense
   Defense                  Defense                  Time % Phy DF OF 
 1 Travis Sanheim           Brett Kulak              55     1   2  2  
 2 Kaiden Guhle             William Borgen           45     1   2  2  

Last Minutes Offensive
   Center                   Left Wing                Right Wing               Defense                  Defense                  
   Sean Monahan             Tyler Seguin             William Nylander         Travis Boyd              Brett Kulak              

Last Minutes Defensive
   Center                   Left Wing                Right Wing               Defense                  Defense                  
   Sean Monahan             Tyler Seguin             William Nylander         Travis Boyd              Brett Kulak              

Goaltenders
Starting : Karel Vejmelka           
Backup : Casey DeSmith            

Extra Forwards
Normal : Curtis Lazar, Jakub Vrana, Alexey Toropchenko - PP : Curtis Lazar, Jakub Vrana - PK : Alexey Toropchenko
Extra Defensemen
Normal : William Borgen, Nick Seeler, Kaiden Guhle - PP : William Borgen - PK : Nick Seeler, Kaiden Guhle
Penalty Shots
Alexey Toropchenko, William Nylander, Travis Boyd, Curtis Lazar, Jimmy Vesey
Custom OT Lines Forwards
William Nylander, Sean Monahan, Travis Boyd, Tyler Seguin, Jimmy Vesey, Morgan Geekie, Curtis Lazar, Jakub Vrana, Alexey Toropchenko, Travis Sanheim
Custom OT Lines Defensemen
Travis Boyd, Brett Kulak, Kaiden Guhle, Nick Seeler, William Borgen

Scratches
Connor Dewar (Healthy), Rem Pitlick (Healthy)

SAN FRANCISCO SPIDERS

5 vs 5 Forward 
   Center                   Left Wing                Right Wing               Time % Phy DF OF 
 1 Bo Horvat                Ondrej Palat             Andrei Svechnikov        32     0   2  3  
 2 Sebastian Aho            Brady Tkachuk            Nick Bjugstad            32     0   2  3  
 3 Jack Roslovic            Jared McCann             Viktor Arvidsson         31     0   2  3  
 4 Dakota Joshua            Sam Lafferty             Eeli Tolvanen            5      0   5  0  

5 vs 5 Defense 
   Defense                  Defense                                           Time % Phy DF OF 
 1 Darnell Nurse            Brenden Dillon                                    38     0   4  1  
 2 Michael Anderson         Brock Faber                                       37     0   4  1  
 3 Erik Gudbranson          Jacob Middleton                                   15     0   5  0  
 4 Darnell Nurse            Brock Faber                                       10     0   4  1  

PowerPlay Forward 
   Center                   Left Wing                Right Wing               Time % Phy DF OF 
 1 Sebastian Aho            Andrei Svechnikov        Jared McCann             55     0   0  5  
 2 Bo Horvat                Brady Tkachuk            Viktor Arvidsson         45     0   0  5  

PowerPlay Defense
   Defense                  Defense                                           Time % Phy DF OF 
 1 Darnell Nurse            Brenden Dillon                                    55     0   1  4  
 2 Michael Anderson         Brock Faber                                       45     0   1  4  

Penalty Kill 4 Players Forward 
   Center                   Wing                     Time % Phy DF OF 
 1 Bo Horvat                Jack Roslovic            55     0   5  0  
 2 Sebastian Aho            Jack Roslovic            45     0   5  0  

Penalty Kill 4 Players Defense
   Defense                  Defense                  Time % Phy DF OF 
 1 Darnell Nurse            Brenden Dillon           55     0   5  0  
 2 Brock Faber              Michael Anderson         45     0   5  0  

Penalty Kill - 3 Players Forward 
   Forward                                           Time % Phy DF OF 
 1 Jack Roslovic                                     55     0   5  0  
 2 Bo Horvat                                         45     0   5  0  

Penalty Kill - 3 Players Defense
   Defense                  Defense                  Time % Phy DF OF 
 1 Darnell Nurse            Brenden Dillon           55     0   5  0  
 2 Brock Faber              Michael Anderson         45     0   5  0  

4 vs 4 Forward 
   Center                   Wing                     Time % Phy DF OF 
 1 Bo Horvat                Jared McCann             55     1   2  2  
 2 Sebastian Aho            Viktor Arvidsson         45     1   2  2  

4 vs 4 Defense
   Defense                  Defense                  Time % Phy DF OF 
 1 Darnell Nurse            Brenden Dillon           55     1   2  2  
 2 Michael Anderson         Brock Faber              45     1   2  2  

Last Minutes Offensive
   Center                   Left Wing                Right Wing               Defense                  Defense                  
   Bo Horvat                Sebastian Aho            Viktor Arvidsson         Darnell Nurse            Brenden Dillon           

Last Minutes Defensive
   Center                   Left Wing                Right Wing               Defense                  Defense                  
   Bo Horvat                Sebastian Aho            Viktor Arvidsson         Darnell Nurse            Brenden Dillon           

Goaltenders
Starting : Igor Shesterkin          
Backup : Kevin Lankinen           

Extra Forwards
Normal : Bo Horvat, Jared McCann, Sebastian Aho - PP : Viktor Arvidsson, Jack Roslovic - PK : Bo Horvat
Extra Defensemen
Normal : Darnell Nurse, Brock Faber, Brenden Dillon - PP : Michael Anderson - PK : Darnell Nurse, Erik Gudbranson
Penalty Shots
Brady Tkachuk, Bo Horvat, Sebastian Aho, Viktor Arvidsson, Andrei Svechnikov
Custom OT Lines Forwards
Sebastian Aho, Bo Horvat, Brady Tkachuk, Jared McCann, Andrei Svechnikov, Nick Bjugstad, Viktor Arvidsson, Ondrej Palat, Dakota Joshua, Eeli Tolvanen
Custom OT Lines Defensemen
Darnell Nurse, Brock Faber, Brenden Dillon, Erik Gudbranson, Michael Anderson

Scratches
Justin Brazeau (Healthy), Sean Durzi (Fractured Left Foot Injury), Zach Hyman (Bruised Left Leg Injury)

% Time on Ice - SEATTLE GRUNGE

Lines # - Real PCT - Wanted PCT - Time Play
Normal Forward
1 - 36% - 36% - 18:05
2 - 29% - 31% - 14:25
3 - 24% - 23% - 12:09
4 - 10% - 10% - 5:13
Normal Defense
1 - 36% - 37% - 17:48
2 - 32% - 34% - 15:59
3 - 29% - 29% - 14:41
4 - 3% - 0% - 1:24
PP Forward
1 - 69% - 55% - 4:14
2 - 31% - 45% - 1:56
PP Defense
1 - 43% - 55% - 2:38
2 - 57% - 45% - 3:32
PK Forward
1 - 79% - 55% - 3:08
2 - 21% - 45% - 0:50
PK Defense
1 - 44% - 55% - 1:44
2 - 56% - 45% - 2:14
PK3 Forward
1 - 0% - 55%
2 - 0% - 45%
PK3 Defense
1 - 0% - 55%
2 - 0% - 45%
44 Forward
1 - 0% - 55%
2 - 0% - 45%
44 Defense
1 - 0% - 55%
2 - 0% - 45%
Last Minute Offensive  - 0:00
Last Minute Defensive  - 0:00
Total
Forward - 60:00
Defense - 60:00

% Time on Ice - SAN FRANCISCO SPIDERS

Lines # - Real PCT - Wanted PCT - Time Play
Normal Forward
1 - 29% - 32% - 14:32
2 - 29% - 32% - 14:35
3 - 27% - 31% - 13:26
4 - 15% - 5% - 7:16
Normal Defense
1 - 35% - 38% - 17:26
2 - 36% - 37% - 17:56
3 - 25% - 15% - 12:41
4 - 4% - 10% - 1:46
PP Forward
1 - 60% - 55% - 2:22
2 - 40% - 45% - 1:36
PP Defense
1 - 40% - 55% - 1:36
2 - 60% - 45% - 2:22
PK Forward
1 - 66% - 55% - 4:06
2 - 34% - 45% - 2:04
PK Defense
1 - 48% - 55% - 2:56
2 - 52% - 45% - 3:14
PK3 Forward
1 - 0% - 55%
2 - 0% - 45%
PK3 Defense
1 - 0% - 55%
2 - 0% - 45%
44 Forward
1 - 0% - 55%
2 - 0% - 45%
44 Defense
1 - 0% - 55%
2 - 0% - 45%
Last Minute Offensive  - 0:03
Last Minute Defensive  - 0:00
Total
Forward - 60:00
Defense - 60:00

Play-by-Play

1st period


0:01 of 1st period - Sean Monahan wins face-off versus Ondrej Palat in neutral zone.
0:27 of 1st period - Shot by Darnell Nurse.
0:27 of 1st period - Stopped by Karel Vejmelka without a rebound.
0:28 of 1st period - Sebastian Aho wins face-off versus Morgan Geekie in SEATTLE GRUNGE zone.
0:50 of 1st period - Shot by Nick Bjugstad.
0:50 of 1st period - Shot Misses the Net.
0:58 of 1st period - Shot by Sebastian Aho.
0:58 of 1st period - Stopped by Karel Vejmelka without a rebound.
0:59 of 1st period - Travis Boyd wins face-off versus Jack Roslovic in SEATTLE GRUNGE zone.
1:43 of 1st period - Jared McCann is hit by Jimmy Vesey.
2:12 of 1st period - Shot by Bo Horvat.
2:12 of 1st period - Stopped by Karel Vejmelka without a rebound.
2:13 of 1st period - Sebastian Aho wins face-off versus Sean Monahan in SEATTLE GRUNGE zone.
2:27 of 1st period - Off-side.
2:28 of 1st period - Sam Lafferty wins face-off versus Warren Foegele in neutral zone.
2:28 of 1st period - Sam Lafferty is hit by Warren Foegele.
2:32 of 1st period - Shot by Darnell Nurse.
2:32 of 1st period - Stopped by Karel Vejmelka without a rebound.
2:33 of 1st period - Curtis Lazar wins face-off versus Bo Horvat in SEATTLE GRUNGE zone.
2:41 of 1st period - Bo Horvat is hit by Curtis Lazar.
2:44 of 1st period - Andrei Svechnikov is hit by Radim Simek and loses puck.
3:10 of 1st period - Shot by Alexey Toropchenko.
3:10 of 1st period - Stopped by Igor Shesterkin with a rebound.
3:54 of 1st period - Shot by Sebastian Aho.
3:54 of 1st period - Shot Blocked by Tyler Seguin.
4:01 of 1st period - William Nylander is hit by Erik Gudbranson.
4:07 of 1st period - Shot by Sean Monahan.
4:07 of 1st period - Shot Misses the Net.
4:19 of 1st period - Shot by Tyler Seguin.
4:19 of 1st period - Shot Blocked by Jacob Middleton.
4:23 of 1st period - Shot by Sean Monahan.
4:23 of 1st period - Stopped by Igor Shesterkin without a rebound.
4:24 of 1st period - Matthew Poitras wins face-off versus Jack Roslovic in SAN FRANCISCO SPIDERS zone.
4:25 of 1st period - Shot by Warren Foegele.
4:25 of 1st period - Shot Misses the Net.
4:46 of 1st period - Shot by Viktor Arvidsson.
4:46 of 1st period - Stopped by Karel Vejmelka without a rebound.
4:47 of 1st period - Travis Boyd wins face-off versus Dakota Joshua in SEATTLE GRUNGE zone.
4:47 of 1st period - Travis Boyd is hit by Dakota Joshua.
5:00 of 1st period - Sam Lafferty is hit by Kaiden Guhle and loses puck.
5:28 of 1st period - Minor Penalty to Kaiden Guhle for Slashing.
5:29 of 1st period - Curtis Lazar wins face-off versus Sebastian Aho in SEATTLE GRUNGE zone.
5:55 of 1st period - Shot by Jared McCann.
5:55 of 1st period - Shot Misses the Net.
6:15 of 1st period - Shot by Brock Faber.
6:15 of 1st period - Stopped by Karel Vejmelka with a rebound.
6:56 of 1st period - Off-side.
6:57 of 1st period - Bo Horvat wins face-off versus William Nylander in neutral zone.
7:04 of 1st period - Shot by Darnell Nurse.
7:04 of 1st period - Stopped by Karel Vejmelka without a rebound.
7:05 of 1st period - Bo Horvat wins face-off versus Curtis Lazar in SEATTLE GRUNGE zone.
7:47 of 1st period - Shot by Sam Lafferty.
7:47 of 1st period - Stopped by Karel Vejmelka without a rebound.
7:48 of 1st period - Sean Monahan wins face-off versus Bo Horvat in SEATTLE GRUNGE zone.
7:48 of 1st period - Sean Monahan is hit by Ondrej Palat.
8:17 of 1st period - Shot by Andrei Svechnikov.
8:17 of 1st period - Stopped by Karel Vejmelka without a rebound.
8:18 of 1st period - Matthew Poitras wins face-off versus Jack Roslovic in SEATTLE GRUNGE zone.
8:24 of 1st period - Matthew Poitras is hit by Michael Anderson and loses puck.
9:04 of 1st period - Icing by Brock Faber.
9:05 of 1st period - Jack Roslovic wins face-off versus William Nylander in SAN FRANCISCO SPIDERS zone.
9:28 of 1st period - Shot by Sebastian Aho.
9:28 of 1st period - Stopped by Karel Vejmelka without a rebound.
9:29 of 1st period - Travis Boyd wins face-off versus Sebastian Aho in SEATTLE GRUNGE zone.
9:40 of 1st period - Shot by Travis Boyd.
9:40 of 1st period - Shot Misses the Net.
9:44 of 1st period - Shot by Jimmy Vesey.
9:44 of 1st period - Shot Misses the Net.
9:50 of 1st period - Shot by Travis Boyd.
9:50 of 1st period - Shot Misses the Net.
10:51 of 1st period - Shot by William Nylander.
10:51 of 1st period - Stopped by Igor Shesterkin with a rebound.
12:44 of 1st period - Travis Boyd is hit by Brady Tkachuk and loses puck.
12:57 of 1st period - Sebastian Aho is hit by Jimmy Vesey and loses puck.
13:04 of 1st period - Shot by Travis Boyd.
13:04 of 1st period - Stopped by Igor Shesterkin without a rebound.
13:05 of 1st period - Curtis Lazar wins face-off versus Dakota Joshua in SAN FRANCISCO SPIDERS zone.
14:01 of 1st period - Off-side.
14:02 of 1st period - Bo Horvat wins face-off versus Sean Monahan in neutral zone.
14:29 of 1st period - Shot by Bo Horvat.
14:29 of 1st period - Stopped by Karel Vejmelka without a rebound.
14:30 of 1st period - Jack Roslovic wins face-off versus Jakub Vrana in SEATTLE GRUNGE zone.
15:00 of 1st period - Shot by Jimmy Vesey.
15:00 of 1st period - Deflect By Jakub Vrana.
15:00 of 1st period - Shot Blocked by Brenden Dillon.
15:05 of 1st period - Shot by Jimmy Vesey.
15:05 of 1st period - Goal by Jimmy Vesey - SEATTLE GRUNGE : 1 - SAN FRANCISCO SPIDERS : 0.
15:06 of 1st period - Sebastian Aho wins face-off versus Matthew Poitras in neutral zone.
15:21 of 1st period - Icing by Michael Anderson.
15:22 of 1st period - Tyler Seguin wins face-off versus Sebastian Aho in SAN FRANCISCO SPIDERS zone.
15:51 of 1st period - Shot by Sebastian Aho.
15:51 of 1st period - Stopped by Karel Vejmelka without a rebound.
15:52 of 1st period - Bo Horvat wins face-off versus Matthew Poitras in SEATTLE GRUNGE zone.
15:56 of 1st period - Icing by Morgan Geekie.
15:57 of 1st period - Bo Horvat wins face-off versus Matthew Poitras in SEATTLE GRUNGE zone.
16:39 of 1st period - Shot by Andrei Svechnikov.
16:39 of 1st period - Stopped by Karel Vejmelka without a rebound.
16:40 of 1st period - William Nylander wins face-off versus Jack Roslovic in SEATTLE GRUNGE zone.
16:55 of 1st period - Shot by Jack Roslovic.
16:55 of 1st period - Deflect By Viktor Arvidsson.
16:55 of 1st period - Goal by Viktor Arvidsson - SEATTLE GRUNGE : 1 - SAN FRANCISCO SPIDERS : 1.
16:56 of 1st period - Travis Boyd wins face-off versus Sebastian Aho in neutral zone.
17:01 of 1st period - Shot by Jakub Vrana.
17:01 of 1st period - Stopped by Igor Shesterkin without a rebound.
17:02 of 1st period - Sean Monahan wins face-off versus Jack Roslovic in SAN FRANCISCO SPIDERS zone.
17:02 of 1st period - Minor Penalty to Michael Anderson for Tripping.
17:03 of 1st period - Bo Horvat wins face-off versus William Nylander in SAN FRANCISCO SPIDERS zone.
17:50 of 1st period - Sebastian Aho is hit by Tyler Seguin and loses puck.
18:07 of 1st period - Shot by Morgan Geekie.
18:07 of 1st period - Shot Blocked by Erik Gudbranson.
18:25 of 1st period - Shot by Bo Horvat.
18:25 of 1st period - Shot Misses the Net.
18:27 of 1st period - Shot by Sebastian Aho.
18:27 of 1st period - Shot Misses the Net.
18:29 of 1st period - Shot by Brenden Dillon.
18:29 of 1st period - Stopped by Karel Vejmelka without a rebound.
18:30 of 1st period - Sean Monahan wins face-off versus Sebastian Aho in SEATTLE GRUNGE zone.
18:43 of 1st period - Shot by Sean Monahan.
18:43 of 1st period - Goal by Sean Monahan - SEATTLE GRUNGE : 2 - SAN FRANCISCO SPIDERS : 1.
18:44 of 1st period - Travis Boyd wins face-off versus Dakota Joshua in neutral zone.
19:18 of 1st period - Off-side.
19:19 of 1st period - Bo Horvat wins face-off versus Matthew Poitras in neutral zone.
19:37 of 1st period - Minor Penalty to Ondrej Palat for Tripping.
19:38 of 1st period - Bo Horvat wins face-off versus Sean Monahan in SAN FRANCISCO SPIDERS zone.
Goals for this period are 2 for SEATTLE GRUNGE vs 1 for SAN FRANCISCO SPIDERS.
Shots for this period are 7 for SEATTLE GRUNGE vs 15 for SAN FRANCISCO SPIDERS.

2nd period


0:01 of 2nd period - Bo Horvat wins face-off versus Sean Monahan in neutral zone.
0:38 of 2nd period - Shot by William Nylander.
0:38 of 2nd period - Stopped by Igor Shesterkin without a rebound.
0:39 of 2nd period - Matthew Poitras wins face-off versus Sebastian Aho in SAN FRANCISCO SPIDERS zone.
0:54 of 2nd period - Shot by Matthew Poitras.
0:54 of 2nd period - Stopped by Igor Shesterkin without a rebound.
0:55 of 2nd period - William Nylander wins face-off versus Bo Horvat in SAN FRANCISCO SPIDERS zone.
1:56 of 2nd period - Shot by Jakub Vrana.
1:56 of 2nd period - Stopped by Igor Shesterkin without a rebound.
1:57 of 2nd period - Dakota Joshua wins face-off versus Matthew Poitras in SAN FRANCISCO SPIDERS zone.
2:02 of 2nd period - Icing by Jacob Middleton.
2:03 of 2nd period - Matthew Poitras wins face-off versus Dakota Joshua in SAN FRANCISCO SPIDERS zone.
2:04 of 2nd period - Shot by Morgan Geekie.
2:04 of 2nd period - Stopped by Igor Shesterkin with a rebound.
2:17 of 2nd period - Off-side.
2:18 of 2nd period - Sebastian Aho wins face-off versus William Nylander in neutral zone.
2:56 of 2nd period - Shot by Brady Tkachuk.
2:56 of 2nd period - Deflect By Sebastian Aho.
2:56 of 2nd period - Shot Misses the Net.
3:02 of 2nd period - Shot by Brady Tkachuk.
3:02 of 2nd period - Shot Blocked by Travis Sanheim.
3:04 of 2nd period - Shot by Nick Bjugstad.
3:04 of 2nd period - Stopped by Karel Vejmelka without a rebound.
3:05 of 2nd period - Jack Roslovic wins face-off versus Morgan Geekie in SEATTLE GRUNGE zone.
3:08 of 2nd period - Shot by Jared McCann.
3:08 of 2nd period - Shot Misses the Net.
3:23 of 2nd period - Icing by Darnell Nurse.
3:24 of 2nd period - Travis Boyd wins face-off versus Jack Roslovic in SAN FRANCISCO SPIDERS zone.
3:28 of 2nd period - Travis Boyd is hit by Brenden Dillon and loses puck.
3:31 of 2nd period - Shot by Nick Seeler.
3:31 of 2nd period - Stopped by Igor Shesterkin without a rebound.
3:32 of 2nd period - Matthew Poitras wins face-off versus Ondrej Palat in SAN FRANCISCO SPIDERS zone.
3:53 of 2nd period - Shot by Bo Horvat.
3:53 of 2nd period - Shot Misses the Net.
3:57 of 2nd period - Shot by Bo Horvat.
3:57 of 2nd period - Deflect By Andrei Svechnikov.
3:57 of 2nd period - Shot Misses the Net.
4:03 of 2nd period - Shot by Andrei Svechnikov.
4:03 of 2nd period - Stopped by Karel Vejmelka without a rebound.
4:04 of 2nd period - Jack Roslovic wins face-off versus Sean Monahan in SEATTLE GRUNGE zone.
4:15 of 2nd period - Shot by Jack Roslovic.
4:15 of 2nd period - Shot Misses the Net.
4:24 of 2nd period - Jack Roslovic is hit by Sean Monahan and loses puck.
4:32 of 2nd period - Jack Roslovic is hit by Travis Sanheim and loses puck.
4:57 of 2nd period - Icing by Brett Kulak.
4:58 of 2nd period - Bo Horvat wins face-off versus Sean Monahan in SEATTLE GRUNGE zone.
4:59 of 2nd period - Shot by Andrei Svechnikov.
4:59 of 2nd period - Stopped by Karel Vejmelka without a rebound.
5:00 of 2nd period - Matthew Poitras wins face-off versus Ondrej Palat in SEATTLE GRUNGE zone.
6:57 of 2nd period - Shot by Nick Bjugstad.
6:57 of 2nd period - Stopped by Karel Vejmelka with a rebound.
6:59 of 2nd period - Shot by Nick Bjugstad.
6:59 of 2nd period - Goal by Nick Bjugstad - SEATTLE GRUNGE : 2 - SAN FRANCISCO SPIDERS : 2.
7:00 of 2nd period - Curtis Lazar wins face-off versus Jack Roslovic in neutral zone.
7:43 of 2nd period - Shot by Jared McCann.
7:43 of 2nd period - Shot Misses the Net.
7:45 of 2nd period - Shot by Jack Roslovic.
7:45 of 2nd period - Stopped by Karel Vejmelka without a rebound.
7:46 of 2nd period - Sebastian Aho wins face-off versus Sean Monahan in SEATTLE GRUNGE zone.
7:49 of 2nd period - Shot by Sebastian Aho.
7:49 of 2nd period - Shot Misses the Net.
8:21 of 2nd period - Shot by Sean Monahan.
8:21 of 2nd period - Deflect By William Nylander.
8:21 of 2nd period - Stopped by Igor Shesterkin without a rebound.
8:22 of 2nd period - Matthew Poitras wins face-off versus Dakota Joshua in SAN FRANCISCO SPIDERS zone.
8:38 of 2nd period - Shot by Warren Foegele.
8:38 of 2nd period - Shot Misses the Net.
9:37 of 2nd period - Minor Penalty to Brenden Dillon for Interference.
9:38 of 2nd period - Bo Horvat wins face-off versus Sean Monahan in SAN FRANCISCO SPIDERS zone.
9:55 of 2nd period - Icing by Sean Monahan.
9:56 of 2nd period - Bo Horvat wins face-off versus Sean Monahan in SEATTLE GRUNGE zone.
11:36 of 2nd period - Icing by Travis Sanheim.
11:37 of 2nd period - Dakota Joshua wins face-off versus Jakub Vrana in SEATTLE GRUNGE zone.
11:40 of 2nd period - Shot by Eeli Tolvanen.
11:40 of 2nd period - Shot Misses the Net.
13:04 of 2nd period - Icing by Jacob Middleton.
13:05 of 2nd period - Sean Monahan wins face-off versus Dakota Joshua in SAN FRANCISCO SPIDERS zone.
14:21 of 2nd period - Shot by Sebastian Aho.
14:21 of 2nd period - Shot Blocked by Nick Seeler.
14:23 of 2nd period - Shot by Brenden Dillon.
14:23 of 2nd period - Stopped by Karel Vejmelka without a rebound.
14:24 of 2nd period - Travis Boyd wins face-off versus Jack Roslovic in SEATTLE GRUNGE zone.
14:47 of 2nd period - Shot by Viktor Arvidsson.
14:47 of 2nd period - Shot Misses the Net.
15:15 of 2nd period - Icing by Viktor Arvidsson.
15:16 of 2nd period - Viktor Arvidsson wins face-off versus Sean Monahan in SAN FRANCISCO SPIDERS zone.
15:47 of 2nd period - Shot by Andrei Svechnikov.
15:47 of 2nd period - Shot Misses the Net.
15:49 of 2nd period - Shot by Bo Horvat.
15:49 of 2nd period - Stopped by Karel Vejmelka without a rebound.
15:50 of 2nd period - Sebastian Aho wins face-off versus Matthew Poitras in SEATTLE GRUNGE zone.
15:54 of 2nd period - Icing by Brett Kulak.
15:55 of 2nd period - Sebastian Aho wins face-off versus Matthew Poitras in SEATTLE GRUNGE zone.
17:17 of 2nd period - Shot by Sean Monahan.
17:17 of 2nd period - Stopped by Igor Shesterkin without a rebound.
17:18 of 2nd period - Jack Roslovic wins face-off versus Travis Boyd in SAN FRANCISCO SPIDERS zone.
17:18 of 2nd period - Jack Roslovic is hit by Jakub Vrana.
17:23 of 2nd period - Off-side.
17:24 of 2nd period - Jack Roslovic wins face-off versus Travis Boyd in neutral zone.
18:43 of 2nd period - Shot by Tyler Seguin.
18:43 of 2nd period - Stopped by Igor Shesterkin without a rebound.
18:44 of 2nd period - Matthew Poitras wins face-off versus Sebastian Aho in SAN FRANCISCO SPIDERS zone.
18:44 of 2nd period - Warren Foegele is hit by Brenden Dillon.
18:51 of 2nd period - Matthew Poitras is hit by Darnell Nurse and loses puck.
18:54 of 2nd period - Shot by Matthew Poitras.
18:54 of 2nd period - Shot Misses the Net.
18:58 of 2nd period - Shot by Matthew Poitras.
18:58 of 2nd period - Stopped by Igor Shesterkin without a rebound.
18:59 of 2nd period - Sean Monahan wins face-off versus Bo Horvat in SAN FRANCISCO SPIDERS zone.
18:59 of 2nd period - William Nylander is hit by Brenden Dillon and loses puck.
19:05 of 2nd period - Icing by Darnell Nurse.
19:06 of 2nd period - Sean Monahan wins face-off versus Bo Horvat in SAN FRANCISCO SPIDERS zone.
19:23 of 2nd period - Shot by Andrei Svechnikov.
19:23 of 2nd period - Stopped by Karel Vejmelka with a rebound.
19:29 of 2nd period - Shot by Ondrej Palat.
19:29 of 2nd period - Stopped by Karel Vejmelka with a rebound.
19:31 of 2nd period - Shot by Ondrej Palat.
19:31 of 2nd period - Shot Blocked by Travis Sanheim.
19:33 of 2nd period - Shot by Brenden Dillon.
19:33 of 2nd period - Shot Misses the Net.
19:35 of 2nd period - Shot by Darnell Nurse.
19:35 of 2nd period - Stopped by Karel Vejmelka without a rebound.
19:36 of 2nd period - Sebastian Aho wins face-off versus Matthew Poitras in SEATTLE GRUNGE zone.
Goals for this period are 0 for SEATTLE GRUNGE vs 1 for SAN FRANCISCO SPIDERS.
Shots for this period are 9 for SEATTLE GRUNGE vs 11 for SAN FRANCISCO SPIDERS.

3rd period


0:01 of 3rd period - Sean Monahan wins face-off versus Bo Horvat in neutral zone.
0:14 of 3rd period - Shot by William Nylander.
0:14 of 3rd period - Shot Misses the Net.
0:34 of 3rd period - Shot by William Nylander.
0:34 of 3rd period - Shot Misses the Net.
0:41 of 3rd period - Icing by Brenden Dillon.
0:42 of 3rd period - Matthew Poitras wins face-off versus Bo Horvat in SAN FRANCISCO SPIDERS zone.
0:48 of 3rd period - Matthew Poitras is hit by Darnell Nurse and loses puck.
1:10 of 3rd period - Off-side.
1:11 of 3rd period - Travis Boyd wins face-off versus Jack Roslovic in neutral zone.
1:14 of 3rd period - Shot by William Borgen.
1:14 of 3rd period - Shot Misses the Net.
2:21 of 3rd period - Shot by Sean Monahan.
2:21 of 3rd period - Shot Misses the Net.
2:33 of 3rd period - Icing by Jacob Middleton.
2:34 of 3rd period - Brady Tkachuk wins face-off versus Matthew Poitras in SAN FRANCISCO SPIDERS zone.
2:34 of 3rd period - Brady Tkachuk is hit by Morgan Geekie.
2:56 of 3rd period - Shot by Morgan Geekie.
2:56 of 3rd period - Shot Blocked by Jacob Middleton.
2:58 of 3rd period - Shot by Morgan Geekie.
2:58 of 3rd period - Stopped by Igor Shesterkin without a rebound.
2:59 of 3rd period - Bo Horvat wins face-off versus Curtis Lazar in SAN FRANCISCO SPIDERS zone.
3:05 of 3rd period - Off-side.
3:06 of 3rd period - Jack Roslovic wins face-off versus Sean Monahan in neutral zone.
3:21 of 3rd period - Shot by Viktor Arvidsson.
3:21 of 3rd period - Shot Blocked by Brett Kulak.
3:24 of 3rd period - Icing by Travis Sanheim.
3:25 of 3rd period - Sean Monahan wins face-off versus Sebastian Aho in SEATTLE GRUNGE zone.
3:56 of 3rd period - Brock Faber is hit by William Nylander and loses puck.
4:10 of 3rd period - Icing by Travis Sanheim.
4:11 of 3rd period - Sean Monahan wins face-off versus Bo Horvat in SEATTLE GRUNGE zone.
4:31 of 3rd period - Off-side.
4:32 of 3rd period - Jack Roslovic wins face-off versus Matthew Poitras in neutral zone.
4:53 of 3rd period - Shot by Jared McCann.
4:53 of 3rd period - Stopped by Karel Vejmelka without a rebound.
4:54 of 3rd period - Bo Horvat wins face-off versus Jimmy Vesey in SEATTLE GRUNGE zone.
4:59 of 3rd period - Shot by Bo Horvat.
4:59 of 3rd period - Stopped by Karel Vejmelka with a rebound.
5:18 of 3rd period - Shot by Andrei Svechnikov.
5:18 of 3rd period - Shot Misses the Net.
5:54 of 3rd period - Shot by Matthew Poitras.
5:54 of 3rd period - Shot Blocked by Darnell Nurse.
6:05 of 3rd period - Icing by Matthew Poitras.
6:06 of 3rd period - Matthew Poitras wins face-off versus Brady Tkachuk in SEATTLE GRUNGE zone.
6:31 of 3rd period - Shot by Nick Bjugstad.
6:31 of 3rd period - Stopped by Karel Vejmelka with a rebound.
6:51 of 3rd period - Brady Tkachuk is hit by Radim Simek.
7:00 of 3rd period - Brady Tkachuk is hit by Morgan Geekie and loses puck.
7:04 of 3rd period - Michael Anderson is hit by Radim Simek and loses puck.
7:26 of 3rd period - Jared McCann is hit by Radim Simek and loses puck.
7:45 of 3rd period - Shot by Jack Roslovic.
7:45 of 3rd period - Stopped by Karel Vejmelka without a rebound.
7:46 of 3rd period - Bo Horvat wins face-off versus Sean Monahan in SEATTLE GRUNGE zone.
8:25 of 3rd period - Shot by Sean Monahan.
8:25 of 3rd period - Shot Misses the Net.
8:27 of 3rd period - Shot by Travis Sanheim.
8:27 of 3rd period - Stopped by Igor Shesterkin without a rebound.
8:28 of 3rd period - Jack Roslovic wins face-off versus Travis Boyd in SAN FRANCISCO SPIDERS zone.
8:28 of 3rd period - Jack Roslovic is hit by Travis Boyd.
8:35 of 3rd period - Shot by Jared McCann.
8:35 of 3rd period - Stopped by Karel Vejmelka with a rebound.
8:37 of 3rd period - Shot by Brock Faber.
8:37 of 3rd period - Stopped by Karel Vejmelka without a rebound.
8:38 of 3rd period - Sebastian Aho wins face-off versus Curtis Lazar in SEATTLE GRUNGE zone.
8:53 of 3rd period - Chris Tierney is hit by Michael Anderson and loses puck.
9:13 of 3rd period - Curtis Lazar is hit by Michael Anderson and loses puck.
9:21 of 3rd period - Icing by Nick Bjugstad.
9:22 of 3rd period - Sebastian Aho wins face-off versus Sean Monahan in SAN FRANCISCO SPIDERS zone.
9:22 of 3rd period - Sebastian Aho is hit by Sean Monahan.
9:27 of 3rd period - Brady Tkachuk is hit by Brett Kulak and loses puck.
9:36 of 3rd period - Shot by Nick Bjugstad.
9:36 of 3rd period - Stopped by Karel Vejmelka with a rebound.
10:26 of 3rd period - Shot by Jimmy Vesey.
10:26 of 3rd period - Stopped by Igor Shesterkin without a rebound.
10:27 of 3rd period - Bo Horvat wins face-off versus Curtis Lazar in SAN FRANCISCO SPIDERS zone.
10:27 of 3rd period - Bo Horvat is hit by Alexey Toropchenko.
10:28 of 3rd period - Minor Penalty to Curtis Lazar for Tripping.
10:29 of 3rd period - Jimmy Vesey wins face-off versus Jared McCann in SEATTLE GRUNGE zone.
10:40 of 3rd period - William Borgen is hit by Jared McCann and loses puck.
10:47 of 3rd period - Shot by Jared McCann.
10:47 of 3rd period - Shot Misses the Net.
10:49 of 3rd period - Shot by Brock Faber.
10:49 of 3rd period - Stopped by Karel Vejmelka with a rebound.
10:51 of 3rd period - Shot by Michael Anderson.
10:51 of 3rd period - Shot Misses the Net.
10:53 of 3rd period - Shot by Brock Faber.
10:53 of 3rd period - Shot Misses the Net.
10:55 of 3rd period - Shot by Brock Faber.
10:55 of 3rd period - Shot Hit the Post.
11:18 of 3rd period - Icing by Brenden Dillon.
11:19 of 3rd period - Matthew Poitras wins face-off versus Bo Horvat in SAN FRANCISCO SPIDERS zone.
13:22 of 3rd period - Shot by Curtis Lazar.
13:22 of 3rd period - Shot Misses the Net.
13:26 of 3rd period - Shot by Curtis Lazar.
13:26 of 3rd period - Shot Misses the Net.
14:30 of 3rd period - Shot by Travis Boyd.
14:30 of 3rd period - Shot Hit the Post.
14:32 of 3rd period - Shot by Jimmy Vesey.
14:32 of 3rd period - Shot Misses the Net.
14:36 of 3rd period - Shot by Travis Boyd.
14:36 of 3rd period - Stopped by Igor Shesterkin with a rebound.
14:38 of 3rd period - Shot by Travis Boyd.
14:38 of 3rd period - Shot Blocked by Brock Faber.
15:15 of 3rd period - Shot by Tyler Seguin.
15:15 of 3rd period - Shot Blocked by Nick Bjugstad.
15:29 of 3rd period - Shot by Sean Monahan.
15:29 of 3rd period - Stopped by Igor Shesterkin without a rebound.
15:30 of 3rd period - Jack Roslovic wins face-off versus Matthew Poitras in SAN FRANCISCO SPIDERS zone.
15:54 of 3rd period - Icing by Kaiden Guhle.
15:55 of 3rd period - Matthew Poitras wins face-off versus Bo Horvat in SEATTLE GRUNGE zone.
16:00 of 3rd period - Shot by Matthew Poitras.
16:00 of 3rd period - Shot Blocked by Erik Gudbranson.
16:20 of 3rd period - Shot by Sean Monahan.
16:20 of 3rd period - Shot Misses the Net.
16:22 of 3rd period - Shot by Travis Sanheim.
16:22 of 3rd period - Shot Misses the Net.
16:26 of 3rd period - Shot by William Nylander.
16:26 of 3rd period - Stopped by Igor Shesterkin with a rebound.
16:28 of 3rd period - Shot by Travis Sanheim.
16:28 of 3rd period - Goal by Travis Sanheim - SEATTLE GRUNGE : 3 - SAN FRANCISCO SPIDERS : 2.
16:29 of 3rd period - Jack Roslovic wins face-off versus Travis Boyd in neutral zone.
17:10 of 3rd period - Shot by Viktor Arvidsson.
17:10 of 3rd period - Shot Misses the Net.
17:28 of 3rd period - Icing by Erik Gudbranson.
17:29 of 3rd period - Bo Horvat wins face-off versus Matthew Poitras in SAN FRANCISCO SPIDERS zone.
17:29 of 3rd period - Ondrej Palat is hit by Matthew Poitras and loses puck.
17:36 of 3rd period - Shot by Travis Sanheim.
17:36 of 3rd period - Stopped by Igor Shesterkin without a rebound.
17:37 of 3rd period - Bo Horvat wins face-off versus Sean Monahan in SAN FRANCISCO SPIDERS zone.
17:39 of 3rd period - Brock Faber is hit by Tyler Seguin and loses puck.
17:56 of 3rd period - Tyler Seguin is hit by Brock Faber and loses puck.
18:01 of 3rd period - Shot by Tyler Seguin.
18:01 of 3rd period - Shot Blocked by Brock Faber.
18:03 of 3rd period - Shot by Travis Sanheim.
18:03 of 3rd period - Stopped by Igor Shesterkin without a rebound.
18:04 of 3rd period - Matthew Poitras wins face-off versus Jack Roslovic in SAN FRANCISCO SPIDERS zone.
18:11 of 3rd period - Warren Foegele is hit by Jared McCann and loses puck.
18:26 of 3rd period - Shot by Matthew Poitras.
18:26 of 3rd period - Stopped by Igor Shesterkin without a rebound.
18:27 of 3rd period - Bo Horvat wins face-off versus Sean Monahan in SAN FRANCISCO SPIDERS zone.
18:27 of 3rd period - Bo Horvat is hit by Tyler Seguin.
18:32 of 3rd period - Off-side.
18:33 of 3rd period - Bo Horvat wins face-off versus Sean Monahan in neutral zone.
19:00 of 3rd period - SAN FRANCISCO SPIDERS, Igor Shesterkin is pulled from the net.
19:10 of 3rd period - Shot by Ondrej Palat.
19:10 of 3rd period - Shot Blocked by Travis Sanheim.
19:28 of 3rd period - Minor Penalty to Jared McCann for Hooking.
19:29 of 3rd period - Igor Shesterkin from SAN FRANCISCO SPIDERS was sent back in the game.
19:29 of 3rd period - Sebastian Aho wins face-off versus Matthew Poitras in SAN FRANCISCO SPIDERS zone.
19:29 of 3rd period - Sebastian Aho is hit by Morgan Geekie.
19:54 of 3rd period - Shot by Warren Foegele.
19:54 of 3rd period - Deflect By Matthew Poitras.
19:54 of 3rd period - Stopped by Igor Shesterkin without a rebound.
19:55 of 3rd period - Sean Monahan wins face-off versus Bo Horvat in SAN FRANCISCO SPIDERS zone.
Goals for this period are 1 for SEATTLE GRUNGE vs 0 for SAN FRANCISCO SPIDERS.
Shots for this period are 11 for SEATTLE GRUNGE vs 8 for SAN FRANCISCO SPIDERS.


BRAD
MARCHAND
ANZE
KOPITAR
JAMIE
BENN

EAST COAST

HOCKEY LEAGUE

  • 69.QUE5CHW3
  • 70.CHA3TRV4
  • 71.PITRHI
  • 72.ATLWOR